 Dungeon Crawl Stone Soup version 0.29-a0-322-g68df515428 (webtiles) character file.

Game seed: 5018061100946324026

32 kae the Firebug (level 3, 0/20 HPs)
             Began as a Tengu Fire Elementalist on Apr 7, 2022.
             Slain by a quokka (5 damage)
             ... on level 2 of the Dungeon.
             The game lasted 00:01:11 (1612 turns).

kae the Firebug (Tengu Fire Elementalist)           Turns: 1612, Time: 00:01:12

Health: 0/20       AC:  2    Str:  6 (8)  XL:     3   Next: 25%
Magic:  7/7        EV: 12    Int: 15 (17) God:
Gold:   119        SH:  0    Dex: 13 (14) Spells: 3/6 levels left

rFire   . . .      SeeInvis +   (no weapon)
rCold   . . .      Faith    .   (no shield)
rNeg    . . .      Spirit   .   a - +0 robe
rPois   .          Reflect  .   (helmet restricted)
rElec   .          Harm     .   (no cloak)
rCorr   .          Rampage  .   (no gloves)
Will    .....                   (boots unavailable)
Stlth   ++........              (no amulet)
HPRegen 0.06/turn               d - ring of see invisible
MPRegen 0.10/turn               (no ring)

@: no status effects
A: beak, talons 3
a: no special abilities


You were on level 2 of the Dungeon.
You visited 1 branch of the dungeon, and saw 2 of its levels.

You collected 119 gold pieces.

Inventory:

Armour
 a - a +0 robe (worn)
Jewellery
 d - a ring of see invisible (left hand)
Scrolls
 c - a scroll of amnesia
 e - a scroll of noise
Potions
 b - a potion of magic


   Skills:
 + Level 0.9 Fighting
 + Level 0.9 Armour
 + Level 2.5 Dodging
 - Level 2.0 Stealth
 + Level 2.3 Spellcasting
 + Level 2.1 Conjurations
 + Level 3.5 Fire Magic


You had 3 spell levels left.
You knew the following spells:

 Your Spells              Type           Power      Damage    Failure   Level
a - Foxfire               Conj/Fire      40%        2x1d6     7%          1
b - Scorch                Fire           24%        2d6       8%          2

Your spell library contained the following spells:

 Spells                   Type           Power      Damage    Failure   Level
 Magic Dart               Conj           32%        1d4       9%          1
 Conjure Flame            Conj/Fire      10%        6-21      21%         3
 Call Imp                 Summ           1%         N/A       32%         2
 Inner Flame              Hex/Fire       6%         N/A       32%         3
 Mephitic Cloud           Conj/Pois/Air  3%         N/A       43%         3
 Flame Wave               Conj/Fire      10%        2d5       56%         4


Dungeon Overview and Level Annotations

Branches:
Dungeon (2/15)

Altars:


Innate Abilities, Weirdness & Mutations

You have a beak for a mouth.
You have claws for feet.


Message History

A bat comes into view.
The goblin shouts!
The goblin attacks as you move away! The goblin barely misses you.
The goblin attacks as you move away! The goblin hits you but does no damage.
An adder comes into view.
Found 2 golden potions.
The goblin attacks as you move away! The goblin closely misses you.
The adder hisses angrily.
The goblin barely misses you. The adder bites you but does no damage.
The adder attacks as you move away! The adder bites you.
You are poisoned.
The adder poisons you!
A goblin comes into view. It is wielding a +0 club.
You feel sick.
You feel sick. The adder attacks as you move away! The adder bites you.
Found 7 gold pieces.
You feel sick.
A quokka comes into view.
You feel sick. The adder bites you.
* * * LOW HITPOINT WARNING * * *
The adder attacks as you move away! The adder barely misses you.
You feel sick.
You are no longer poisoned.
You hit the adder.
The adder is lightly wounded.
The adder closely misses you.
You hit the adder.
The adder is moderately wounded.
The adder completely misses you.
A goblin comes into view. It is wielding a +0 club.
The adder barely misses you.
The goblin shouts!
You hit the adder. Your peck misses the adder.
The adder is moderately wounded.
The adder closely misses you. The adder attacks as you move away!
The adder barely misses you.
A frilled lizard comes into view.
The frilled lizard hisses angrily.
The quokka barely misses you. The quokka bites you.
You die...

#......# #o# # #..#o...#
#.# .#
####!##g..######o##.#
......oo#...o.ggol..#
.###.##g#######...###
...#.##.# #...# #....#g#
#..........# #....rS#
#........$## #....S@#
#............
#...................####
#......g...#........#
....$...##..........#
......... ..(...$...? ..
......... l... #.#
......... ... ##S.
.......... ... ... ##.?


You could see 2 adders, 3 orcs, a quokka, 4 goblins and a frilled lizard.

Vanquished Creatures
  2 dart slugs (D:1)
  2 ball pythons (D:1)
  3 endoplasms (D:1)
  2 goblins (D:1)
  3 jackals (D:1)
  A quokka (D:1)
  6 bats (D:1)
  A frilled lizard (D:1)
  3 kobolds (D:1)
  5 rats (D:1)
28 creatures vanquished.

Vanquished Creatures (others)
  107 foxfires
107 creatures vanquished.

Grand Total: 135 creatures vanquished

Notes
Turn   | Place    | Note
-------+----------+-------------------------------------------
     0 | D:1      | kae the Tengu Fire Elementalist began the quest for the
                  | Orb.
     0 | D:1      | Reached XP level 1. HP: 10/10 MP: 4/4
     5 | D:1      | Noticed a black mamba
     8 | D:1      | Noticed a death yak
   334 | D:1      | Reached XP level 2. HP: 16/16 MP: 3/6
   467 | D:1      | Learned a level 2 spell: Scorch
   935 | D:1      | Reached XP level 3. HP: 11/20 MP: 2/7
  1310 | D:1      | Found a faded altar of an unknown god.
  1528 | D:2      | Noticed a black bear
  1612 | D:2      | Slain by a quokka

Illustrated notes

Levels and vault maps discovered:
D:1:      sevenhm_arrival_forest_fort_small_2, layout_rooms,
          shapermc_ecumenical_altar_gd
D:2:      layout_rooms, uniq_jessica

Skill      XL: |  1  2 |
---------------+-------+-----
Conjurations   | 2 |  2.1
Fighting       | |  0.9
Armour         | |  0.9
Dodging        | |  2.5
Stealth        | |  2.0
Spellcasting   | |  2.3
Fire Magic     | |  3.5

Action                   || total
-------------------------++-------
Melee: Unarmed           ||    13
       Kick              ||     2
       Peck              ||     2
 Cast: Foxfire           ||    67
  Use: Scroll            ||     6
       Potion            ||     2
Armor: Robe              ||    10
Dodge: Dodged            ||    31

Table legend: (Time is in decaauts)
 A = Elapsed time spent in this place.
 B = Non-inter-level travel time spent in this place.
 C = Inter-level travel time spent in this place.
 D = Time resting spent in this place.
 E = Time spent auto-exploring this place.
 F = Levels seen in this place.
 G = Mean time per level.
                   A        B        C        D        E       F      G
               +--------+--------+--------+--------+--------+-----+--------+
         Total |   1612 |   1564 |     48 |    247 |   1069 |   2 |  806.0 |
       Dungeon |   1612 |   1564 |     48 |    247 |   1069 |   2 |  806.0 |
               +--------+--------+--------+--------+--------+-----+--------+

Top non-repeatable levels by time:
     D:1: 1565 daAuts
     D:2: 47 daAuts
